 Dungeon Crawl Stone Soup version 0.28-a0-925-gd5e1996cdb (webtiles) character file.

Game seed: 15955964811792547390

113 Ijustatesigmund the Charlatan (level 4, -1/34 HPs)
             Began as a Gnoll Artificer on Nov 26, 2021.
             Slain by a gnoll (6 damage)
             ... on level 3 of the Dungeon.
             The game lasted 00:06:25 (3680 turns).

Ijustatesigmund the Charlatan (Gnoll Artificer)     Turns: 3680, Time: 00:06:26

Health: -1/34      AC: 13    Str: 11    XL:     4   Next: 96%
Magic:  5/5        EV:  3    Int: 12    God:
Gold:   35         SH:  0    Dex: 12    Spells: 5/5 levels left

rFire   . . .      SeeInvis .   a - +0 short sword (protect)
rCold   . . .      Faith    .   (no shield)
rNeg    . . .      Spirit   .   b - +0 plate armour
rPois   .          Reflect  .   (no helmet)
rElec   .          Harm     .   f - +0 cloak
rCorr   .          Rampage  .   (no gloves)
Will    .....                   (no boots)
Stlth   ..........              (no amulet)
HPRegen 0.11/turn               (no ring)
MPRegen 0.09/turn               (no ring)

@: no status effects
A: fangs 1, strong nose, distributed training
a: no special abilities


You were on level 3 of the Dungeon.
You visited 1 branch of the dungeon, and saw 3 of its levels.

You collected 35 gold pieces.

Inventory:

Hand Weapons
 a - a +0 short sword of protection (weapon)
Armour
 b - a +0 plate armour (worn)
 f - a +0 cloak (worn)
Wands
 c - a wand of flame (13) (quivered)
 d - a wand of charming (8)
Scrolls
 g - a scroll of fog
 j - a scroll of teleportation
Potions
 h - a potion of curing {unknown}
 i - a potion of attraction {unknown}
 k - a potion of brilliance {unknown}
 l - a potion of flight {unknown}
 m - a potion of heal wounds {unknown}
Miscellaneous
 e - a piece from Xom's chessboard (15/15)


   Skills:
 + Level 2.8 Fighting
 + Level 1.3 Short Blades
 + Level 1.3 Long Blades
 + Level 1.3 Axes
 + Level 1.3 Maces & Flails
 + Level 1.3 Polearms
 + Level 1.3 Staves
 + Level 1.3 Slings
 + Level 1.3 Bows
 + Level 1.3 Crossbows
 + Level 1.3 Throwing
 + Level 4.7 Armour
 + Level 2.8 Dodging
 + Level 2.6 Stealth
 + Level 1.3 Shields
 + Level 1.3 Unarmed Combat
 + Level 1.3 Spellcasting
 + Level 1.0 Conjurations
 + Level 1.0 Hexes
 + Level 1.0 Summonings
 + Level 1.0 Necromancy
 + Level 1.0 Translocations
 + Level 1.0 Transmutations
 + Level 1.0 Fire Magic
 + Level 1.0 Ice Magic
 + Level 1.0 Air Magic
 + Level 1.0 Earth Magic
 + Level 1.0 Poison Magic
 + Level 1.4 Invocations
 + Level 6.6 Evocations


You had 5 spell levels left.
You didn't know any spells.
Your spell library contained the following spells:

 Spells                   Type           Power      Damage    Failure   Level
 Passwall                 Tmut/Erth      2%         N/A       100%        2
 Swiftness                Air            3%         N/A       100%        3


Dungeon Overview and Level Annotations

Branches:
Dungeon (3/15)

Altars:


Innate Abilities, Weirdness & Mutations

You have very sharp teeth.
Your uncanny sense of smell can sniff out nearby items.
Your experience applies equally to all skills.


Message History

You see here a scroll of teleportation.
Aiming: Charm
Press: ? - help, Shift-Dir - straight line, f - gnoll
Aim: a gnoll, wielding a +1 whip of electrocution (chance to affect: 73%)
The gnoll struggles to resist.
The gnoll hits you but does no damage.
Aiming: Charm
Press: ? - help, Shift-Dir - straight line, f/p - gnoll
Aim: a gnoll, wielding a +1 whip of electrocution (chance to affect: 73%)
The gnoll struggles to resist.
The gnoll hits you but does no damage.
You are electrocuted!
* * * LOW HITPOINT WARNING * * *
Aiming: Charm
Press: ? - help, Shift-Dir - straight line, f/p - gnoll
Aim: a gnoll, wielding a +1 whip of electrocution (chance to affect: 73%)
The gnoll is charmed.
The gnoll hits your gnoll with a +0 flail!
Your gnoll hits the gnoll with a +1 whip of electrocution!
The gnoll barely misses your gnoll.
Found a mace.
Your gnoll hits the gnoll with a +1 whip of electrocution.
The gnoll closely misses your gnoll.
The gnoll hits your gnoll with a +0 flail.
Your gnoll dies!
Hit: a) +0 short sword (protect)
Press: ? - help, Dir - move target, f - you
Okay, then.
Aiming: Throw Flame
Press: ? - help, Shift-Dir - straight line, f - gnoll
Aim: a gnoll, wielding a +0 flail (almost dead, 77% to hit)
The puff of flame hits the gnoll.
You kill the gnoll!
Aiming: Charm
Press: ? - help, Shift-Dir - straight line, f - gnoll
Aim: a gnoll, wielding a +0 flail (chance to affect: 73%)
The gnoll struggles to resist.
Aiming: Charm
Press: ? - help, Shift-Dir - straight line, f/p - gnoll
Aim: a gnoll, wielding a +0 flail (chance to affect: 73%)
The gnoll struggles to resist.
The gnoll hits you with a +0 flail.
You die...

#############
............#
.##########.# .#
####.#########
.#######.........)..#
.#.............#)#...#
...#####.#####.#g#.......
...# #. #.#@#...####
...##### #.#.##.##
......# #.... .. ......#
.......## ......#
#....... ...#####..
#....... ..........
#.......# .....###..
)........ #.....##.


You could see a gnoll.

Vanquished Creatures
  2 gnolls
  2 adders (D:2)
  2 worms (D:2)
  2 dart slugs
  An orc (D:3)
  3 endoplasms
  4 giant cockroaches
  8 hobgoblins
  2 jackals (D:2)
  4 quokkas (D:1)
  7 ball pythons
  4 bats
  2 frilled lizards
  4 kobolds
  6 rats
53 creatures vanquished.

Vanquished Creatures (collateral kills)
  A gnoll (D:2)
1 creature vanquished.

Vanquished Creatures (others)
  2 gnolls
2 creatures vanquished.

Grand Total: 56 creatures vanquished

Notes
Turn   | Place    | Note
-------+----------+-------------------------------------------
     0 | D:1      | Ijustatesigmund the Gnoll Artificer began the quest for the
                  | Orb.
     0 | D:1      | Reached XP level 1. HP: 17/17 MP: 1/1
   481 | D:1      | Reached XP level 2. HP: 11/23 MP: 2/2
  1029 | D:1      | Found a faded altar of an unknown god.
  1398 | D:1      | Reached XP level 3. HP: 27/28 MP: 3/3
  2163 | D:2      | Reached skill level 1 in Invocations
  2408 | D:2      | Reached skill level 1 in Short Blades
  2408 | D:2      | Reached skill level 1 in Long Blades
  2408 | D:2      | Reached skill level 1 in Axes
  2408 | D:2      | Reached skill level 1 in Maces & Flails
  2408 | D:2      | Reached skill level 1 in Polearms
  2408 | D:2      | Reached skill level 1 in Staves
  2408 | D:2      | Reached skill level 1 in Slings
  2408 | D:2      | Reached skill level 1 in Bows
  2408 | D:2      | Reached skill level 1 in Crossbows
  2408 | D:2      | Reached skill level 1 in Throwing
  2408 | D:2      | Reached skill level 1 in Shields
  2408 | D:2      | Reached skill level 1 in Unarmed Combat
  2408 | D:2      | Reached skill level 1 in Spellcasting
  2520 | D:2      | Reached XP level 4. HP: 24/34 MP: 5/5
  2890 | D:2      | Reached skill level 1 in Conjurations
  2890 | D:2      | Reached skill level 1 in Hexes
  2890 | D:2      | Reached skill level 1 in Summonings
  2890 | D:2      | Reached skill level 1 in Necromancy
  2890 | D:2      | Reached skill level 1 in Translocations
  2890 | D:2      | Reached skill level 1 in Transmutations
  2890 | D:2      | Reached skill level 1 in Fire Magic
  2890 | D:2      | Reached skill level 1 in Ice Magic
  2890 | D:2      | Reached skill level 1 in Air Magic
  2890 | D:2      | Reached skill level 1 in Earth Magic
  2890 | D:2      | Reached skill level 1 in Poison Magic
  3095 | D:2      | You fall into a shaft and drop 1 floor!
  3680 | D:3      | Slain by a gnoll

Illustrated notes

Levels and vault maps discovered:
D:1:      wander_arrival_fairy_ring, layout_basic,
          shapermc_ecumenical_altar_starsandcircs
D:2:      layout_basic, minmay_hedge_maze
D:3:      layout_loops_ring, minivault_11, grunt_ministairs_10, hex_medium

Skill      XL: |  1  2  3  4 |
---------------+-------------+-----
Invocations    | 1 |  1.4
Short Blades   | 1 |  1.3
Long Blades    | 1 |  1.3
Axes           | 1 |  1.3
Maces & Flails | 1 |  1.3
Polearms       | 1 |  1.3
Staves         | 1 |  1.3
Slings         | 1 |  1.3
Bows           | 1 |  1.3
Crossbows      | 1 |  1.3
Throwing       | 1 |  1.3
Shields        | 1 |  1.3
Unarmed Combat | 1 |  1.3
Spellcasting   | 1 |  1.3
Conjurations   | 1 |  1.0
Hexes          | 1 |  1.0
Summonings     | 1 |  1.0
Necromancy     | 1 |  1.0
Translocations | 1 |  1.0
Transmutations | 1 |  1.0
Fire Magic     | 1 |  1.0
Ice Magic      | 1 |  1.0
Air Magic      | 1 |  1.0
Earth Magic    | 1 |  1.0
Poison Magic   | 1 |  1.0
Fighting       | |  2.8
Armour         | |  4.7
Dodging        | |  2.8
Stealth        | |  2.6
Evocations     | |  6.6

Action                   |  1- 3 |  4- 6 || total
-------------------------+-------+-------++-------
Melee: Club              |    73 |       ||    73
       Bite              |    25 |     6 ||    31
       Short sword       |   201 |    64 ||   265
       Punch             |     1 |       ||     1
Evoke: Wand              |       |     9 ||     9
  Use: Scroll            |       |     4 ||     4
 Stab: Sleeping          |     2 |       ||     2
Armor: Leather armour    |    49 |       ||    49
       Plate armour      |    32 |    72 ||   104
Dodge: Dodged            |   137 |    14 ||   151

Table legend: (Time is in decaauts)
 A = Elapsed time spent in this place.
 B = Non-inter-level travel time spent in this place.
 C = Inter-level travel time spent in this place.
 D = Time resting spent in this place.
 E = Time spent auto-exploring this place.
 F = Levels seen in this place.
 G = Mean time per level.
                   A        B        C        D        E       F      G
               +--------+--------+--------+--------+--------+-----+--------+
         Total |   3715 |   3693 |     22 |    854 |   2126 |   3 | 1238.3 |
       Dungeon |   3715 |   3693 |     22 |    854 |   2126 |   3 | 1238.3 |
               +--------+--------+--------+--------+--------+-----+--------+

Top non-repeatable levels by time:
     D:1: 2034 daAuts
     D:2: 1291 daAuts
     D:3: 389 daAuts
